 Dungeon Crawl Stone Soup version 0.27.1-34-g3ba077fa99 (webtiles) character file.

Game seed: 12640459448460611188

171102 karkarkar the Commander (level 18, -5/127 HPs)
             Began as a Gnoll Warper on Nov 9, 2021.
             Was a High Priest of Okawaru.
             Slain by a nagaraja (16 damage)
             ... on level 3 of the Snake Pit on Jan 26, 2022.
             The game lasted 06:01:39 (52858 turns).

karkarkar the Commander (Gnoll Warper)             Turns: 52858, Time: 06:01:40

Health: -5/127     AC: 18    Str: 11    XL:     18   Next: 0%
Magic:  33/34      EV: 22    Int: 16    God:    Okawaru [*****.]
Gold:   1953       SH: 16    Dex: 23    Spells: 17/42 levels left

rFire    + . .     SeeInvis .   b - +2 demon blade (drain)
rCold    x . .     Faith    .   R - +2 kite shield of Starshine {rC- rN+ Str+2}
rNeg     + + .     Spirit   .   d - +0 acid dragon scales
rPois    .         Reflect  .   N - +2 hat {Stlth+}
rElec    .         Harm     .   I - scarf {shadows}
rCorr    +         Rampage  .   D - +0 pair of gloves
Will     +....     Clarity  +   F - +2 pair of boots Stlth ****++++++
                                W - amulet of regeneration
HPRegen  1.31/turn              P - ring of Shadows {Umbra +Inv Stlth+}
MPRegen  0.24/turn              j - ring of Ynoxesor {rF+ rN+ Str-3 Dex+6 Stlth+}

@: lethally poisoned (-5 -> -6), about to teleport, heroic, wreathed by umbra,
constricted
A: fangs 1, strong nose, distributed training, antennae 1, clarity, clever 1,
frail 1
a: Renounce Religion, Evoke Invisibility, Heroism, Finesse


You were on level 3 of the Snake Pit.
You worshipped Okawaru.
Okawaru was extremely pleased with you.
You visited 4 branches of the dungeon, and saw 26 of its levels.

You collected 3410 gold pieces.
You spent 1457 gold pieces at shops.

Inventory:

Hand Weapons
 a - the +6 short sword of Understanding {vorpal, rPois Int+3}
   (You found it on level 4 of the Dungeon)

   It inflicts extra damage upon your enemies.
   Int:       It affects your intelligence (+3).
   rPois:     It protects you from poison.
 b - a +2 demon blade of draining (weapon)
 J - a +0 demon trident of venom
Missiles
 m - 3 atropa-tipped darts
 p - 25 boomerangs (quivered)
 r - 41 poisoned darts
 x - 13 javelins
 G - 14 curare-tipped darts
 X - 4 datura-tipped darts
 Z - 14 silver javelins
Armour
 d - +0 acid dragon scales (worn)
 D - a +0 pair of gloves (worn)
 F - a +2 pair of boots (worn)
 I - a scarf of shadows (worn)
 N - a +2 hat of stealth (worn)
 R - the +2 kite shield of Starshine (worn) {rC- rN+ Str+2}
   (You found it on level 2 of the Lair of Beasts)

   Str:       It affects your strength (+2).
   rC:        It makes you vulnerable to cold.
   rN:        It protects you from negative energy.
Jewellery
 f - a ring of protection from cold
 j - the ring of Ynoxesor (right hand) {rF+ rN+ Str-3 Dex+6 Stlth+}
   (You found it on level 8 of the Dungeon)

   [ring of dexterity]

   Str:       It affects your strength (-3).
   Dex:       It affects your dexterity (+6).
   rF:        It protects you from fire.
   rN:        It protects you from negative energy.
   Stlth:     It makes you more stealthy.
 P - the ring of Shadows (left hand) {Umbra +Inv Stlth+}
   (You found it on level 15 of the Dungeon)

   [ring of stealth]

   It surrounds you with an aura of shadow, increasing your stealth and reducing
   the accuracy of all within it (including the wearer).
   +Inv:      It lets you turn invisible.
   Stlth:     It makes you more stealthy.
 S - a ring of protection from fire
 W - an amulet of regeneration (around neck)
Wands
 s - a wand of iceblast (4)
 y - a wand of digging (4)
 E - a wand of acid (4)
 V - a wand of flame (33)
Scrolls
 c - 6 scrolls of noise
 g - 4 scrolls of immolation
 k - 2 scrolls of fog
 l - 3 scrolls of enchant armour
 o - 5 scrolls of amnesia
 C - 4 scrolls of magic mapping
 L - a scroll of brand weapon
 M - a scroll of identify
 T - a scroll of teleportation
 U - 3 scrolls of fear
 Y - 2 scrolls of holy word
Potions
 e - 3 potions of flight
 h - 3 potions of magic
 n - 3 potions of might
 q - 2 potions of invisibility
 t - 4 potions of attraction
 u - 4 potions of brilliance
 v - 4 potions of ambrosia
 w - 3 potions of cancellation
 A - 3 potions of mutation
 B - 3 potions of haste
 K - 4 potions of lignification
 Q - a potion of resistance
Miscellaneous
 O - a condenser vane


   Skills:
 + Level 12.6(17.6) Fighting
 + Level 11.9(16.9) Short Blades
 + Level 11.9(16.9) Long Blades
 + Level 12.6(17.6) Axes
 + Level 11.9(16.9) Maces & Flails
 + Level 11.9(16.9) Polearms
 + Level 11.9(16.9) Staves
 + Level 11.9(16.9) Slings
 + Level 11.9(16.9) Bows
 + Level 11.9(16.9) Crossbows
 + Level 12.1(17.1) Throwing
 + Level 12.1(17.1) Armour
 + Level 12.6(17.6) Dodging
 + Level 11.9(16.9) Stealth
 + Level 11.9(16.9) Shields
 + Level 11.9(16.9) Unarmed Combat
 + Level 12.7 Spellcasting
 + Level 10.1 Conjurations
 + Level 10.1 Hexes
 + Level 10.1 Summonings
 + Level 10.1 Necromancy
 + Level 11.4 Translocations
 + Level 10.1 Transmutations
 + Level 10.1 Fire Magic
 + Level 10.1 Ice Magic
 + Level 10.1 Air Magic
 + Level 10.1 Earth Magic
 + Level 10.1 Poison Magic
 + Level 12.8 Invocations
 + Level 11.9 Evocations


You had 17 spell levels left.
You knew the following spells:

 Your Spells              Type           Power      Damage    Failure   Level
a - Blink                 Tloc           N/A        N/A       1%          2
b - Teleport Other        Tloc           46%        N/A       1%          3
c - Inner Flame           Hex/Fire       42%        N/A       1%          3
d - Searing Ray           Conj           84%        3d6       1%          2
e - Iskenderun's Mystic   Conj/Tloc      44%        2d10      1%          4
f - Cause Fear            Hex            21%        N/A       1%          4
g - Manifold Assault      Tloc           46%        N/A       2%          5
h - Ensorcelled Hibernat  Hex/Ice        84%        N/A       1%          2

Your spell library contained the following spells:

 Spells                   Type           Power      Damage    Failure   Level
 Animate Skeleton         Necr           84%        N/A       1%          1
 Apportation              Tloc           92%        N/A       1%          1
 Beastly Appendage        Tmut           84%        N/A       1%          1
 Corona                   Hex            46%        N/A       1%          1
 Magic Dart               Conj           100%       1d8       1%          1
 Sandblast                Erth           84%        2d18      1%          1
 Summon Small Mammal      Summ           100%       N/A       1%          1
 Call Imp                 Summ           42%        N/A       1%          2
 Corpse Rot               Necr/Air       N/A        N/A       1%          2
 Passwall                 Tmut/Erth      35%        N/A       1%          2
 Frozen Ramparts          Ice            84%        1d10      1%          3
 Gell's Gravitas          Tloc           23%        N/A       1%          3
 Lesser Beckoning         Tloc           23%        N/A       1%          3
 Ozocubu's Armour         Ice            42%        N/A       1%          3
 Spider Form              Tmut/Pois      21%        N/A       1%          3
 Summon Guardian Golem    Hex/Summ       42%        N/A       1%          3
 Animate Armour           Summ/Erth      84%        N/A       1%          4
 Dispel Undead            Necr           42%        3d17      1%          4
 Fulminant Prism          Conj/Hex       21%        3d13      1%          4
 Ice Form                 Ice/Tmut       42%        N/A       1%          4
 Petrify                  Tmut/Erth      42%        N/A       1%          4
 Summon Ice Beast         Ice/Summ       42%        N/A       1%          4
 Alistair's Intoxication  Tmut/Pois      28%        N/A       3%          5
 Blade Hands              Tmut           21%        N/A       3%          5
 Bolt of Magma            Conj/Fire/Erth 21%        4d11      3%          5
 Borgnjor's Vile Clutch   Necr/Erth      21%        N/A       3%          5
 Freezing Cloud           Conj/Ice/Air   21%        6-21      3%          5
 Lee's Rapid Deconstruct  Erth           21%        3d13*     3%          5
 Metabolic Englaciation   Hex/Ice        21%        N/A       3%          5
 Summon Forest            Summ/Tloc      22%        N/A       3%          5
 Summon Mana Viper        Hex/Summ       42%        N/A       3%          5
 Dispersal                Tloc           23%        N/A       13%         6
 Death Channel            Necr           21%        N/A       22%         6
 Eringya's Noxious Bog    Tmut/Pois      21%        N/A       22%         6
 Iron Shot                Conj/Erth      21%        9d5       22%         6
 Simulacrum               Ice/Necr       21%        N/A       22%         6
 Statue Form              Tmut/Erth      28%        N/A       22%         6
 Malign Gateway           Summ/Tloc      22%        N/A       67%         7
 Monstrous Menagerie      Summ           21%        N/A       75%         7
 Ozocubu's Refrigeration  Ice            21%        4d9       75%         7
 Summon Hydra             Summ           21%        N/A       75%         7
 Disjunction              Tloc           23%        N/A       99%         8
 Discord                  Hex            21%        N/A       100%        8
 Summon Horrible Things   Summ           21%        N/A       100%        8
 Polar Vortex             Ice            21%        N/A       100%        9


Dungeon Overview and Level Annotations

Branches:
Dungeon (15/15)            Temple (0/1) D:4            Lair (6/6) D:9
 Shoals (0/4) Lair:3        Snake (3/4) Lair:2        Slime (0/5) Lair:6
    Orc (2/2) D:12            Elf (0/3) Orc:2        Vaults (0/5) D:14
 Depths (0/5) D:15

Altars:
Ashenzari
Dithmenos
Fedhas
Hepliaklqana
Makhleb
Okawaru
Ru
Sif Muna
Vehumet
Xom
Yredelemnul
Zin
Beogh

Shops:
D:13 ?   Orc:2 (([(   Snake:1 *   Snake:3 (

Annotations:
D:7 exclusion: upstairs
D:8 Come back fly
Lair:3 exclusion: 2 oklob plants
Lair:4 hydra dream sheeps
Lair:5 exclusion: oklob plant
Lair:6 exclusion: 2 oklob plants
Snake:3 Bai Suzhen


Innate Abilities, Weirdness & Mutations

You have very sharp teeth.
Your uncanny sense of smell can sniff out nearby items.
Your experience applies equally to all skills.
You have a pair of small antennae on your head.
You possess an exceptional clarity of mind.
Your mind is acute. (Int +2)
You are frail. (-10% HP)


Message History

You are too injured to fight recklessly!
You are too injured to fight recklessly!
Unknown command.
Press: ? - help, v - describe, . - travel
Here: a nagaraja, wielding a +0 spear and wearing a +0 robe (lightly wounded, umbra)
The floor.
You feel better. You block the nagaraja's attack. The nagaraja grabs you.
The nagaraja constricts you.
You gain the combat prowess of a mighty hero.
The nagaraja casts a spell.
The nagaraja seems to speed up.
The nagaraja constricts you.
You completely miss the nagaraja. Your bite misses the nagaraja.
The nagaraja is lightly wounded.
The nagaraja hits you with a +0 spear. The nagaraja constricts you.
The naga ritualist shouts!
You slice the nagaraja!! You drain the nagaraja!
The nagaraja is heavily wounded.
The nagaraja gestures at you while chanting.
The bolt of poison hits you!!
You are poisoned.
The nagaraja constricts you.
* * * LOW HITPOINT WARNING * * *
As you read the scroll of teleportation, it crumbles to dust.
You feel strangely unstable.
You feel very sick.
The nagaraja hits you but does no damage.
The nagaraja constricts you.
The naga ritualist utters an invocation to its god.
The naga ritualist begins to radiate toxic energy.
* * * LOW HITPOINT WARNING * * *
You are more poisoned.
You feel better.
* * * LOW HITPOINT WARNING * * *
You are poisoned.
The nagaraja hits you with a +0 spear!
* * * LOW HITPOINT WARNING * * *
The nagaraja constricts you.
* * * LOW HITPOINT WARNING * * *
The nagaraja hits you with a +0 spear!
You die...

.# ##..............# #.......
)###..##.....###....# #.......
...........### #...# #.......
.....###...# ###..............##
...##......# ##.....#......#.....
......#...... ....##...........##
..#####...###.#...##...##...##.##
.## ##....# #...N##..............
.# #..# #...@##........#...#. [#
#N# #...∩......#......... )# #.#
#.....#..##....#....# .# ##.#
....####........#.####
.###..####.N.(.........#...#.#
)[#.............#......#.....#
#.........###.........#####.##
.........## ........# #..##
.....###... .......#####...#


You could see a nagaraja (fast, drained) and a naga ritualist (toxic aura).

Vanquished Creatures
  Vashnia (Snake:2)
  Gastronok (D:11)
  Kirke (Snake:2)
  Donald (Snake:3)
  Louise (D:15)
  Aizul (Snake:2)
  11 hydras
  2 ice dragons (D:15)
  8 naga warriors
  4 vault guards (D:14)
  2 salamander tyrants (Snake:3)
  12 anacondas
  Erica (D:9)
  2 catoblepae
  2 death knights
  4 centaur warriors
  5 two-headed ogres
  9 death yaks
  3 tengu warriors
  A deep troll shaman (Lair:6)
  Urug (D:11)
  10 orc high priests
  7 shock serpents
  Nergalle (Lair:3)
  5 naga sharpshooters
  Sonja (Lair:3)
  2 salamander mystics
  4 skeletal warriors (D:13)
  4 spectral anacondas (Snake:1)
  An anaconda zombie (Snake:1)
  7 anaconda skeletons (Snake:1)
  2 phantasmal warriors (D:14)
  A naga ritualist (Snake:2)
  4 oklob plants (Lair:6)
  An orange crystal statue (D:15)
  4 lindwurms
  5 orc knights
  14 ugly things
  2 deep elf pyromancers (D:14)
  2 mana vipers (Snake:1)
  4 orc sorcerers (Orc:2)
  11 salamanders
  5 cyclopes
  5 manticores
  19 elephants
  Maurice (D:11)
  Joseph (D:9)
  A guardian serpent (shapeshifter) (D:13)
  13 naga magi
  15 cane toads
  22 black mambas
  A kobold demonologist (D:12)
  3 rime drakes
  A yaktaur (D:14)
  14 komodo dragons
  2 freezing wraiths
  An efreet (D:11)
  A tengu conjurer (D:12)
  5 anaconda simulacra (Snake:1)
  A merfolk (Lair:1)
  3 polar bears
  9 trolls
  A hornet (Lair:3)
  The ghost of unlimited1921 the Vexing, an amateur GnAM of Gozag (D:5)
  11 blink frogs
  Prince Ribbit (D:5)
  21 slime creatures
  29 dream sheep
  A centaur simulacrum (D:14)
  Sigmund (D:5)
  A vampire (D:12)
  3 shadows
  7 wraiths
  A wyvern (Lair:6)
  3 hogs
  39 yaks
  A human (shapeshifter) (D:11)
  3 steam dragons
  7 basilisks
  Edmund (D:4)
  4 vampire mosquitoes
  9 wargs
  2 acid dragons
  23 nagas
  18 water moccasins
  Duvessa (D:5)
  2 ice beasts
  17 orc warriors
  3 black bears
  2 necrophages
  2 sky beasts
  7 ogres
  4 boggarts
  12 centaurs
  18 wolves
  3 phantoms
  A kobold brigand (D:7)
  3 gnoll sergeants
  12 bullfrogs
  A wyvern zombie (D:8)
  Dowan (D:5)
  A wyvern skeleton (D:7)
  2 water moccasin skeletons (D:5)
  11 killer bees
  A troll zombie (D:12)
  3 electric eels (D:10)
  2 howler monkeys (D:8)
  3 centaur zombies
  A bullfrog zombie (D:6)
  30 orc priests
  A centaur skeleton (D:6)
  A gnoll shaman (D:4)
  3 jellies
  3 iguanas
  13 orc wizards
  A killer bee zombie (D:9)
  5 ogre zombies (D:12)
  A howler monkey zombie (D:6)
  A howler monkey skeleton (D:4)
  23 gnolls
  8 adders
  A white imp (D:8)
  A worm (D:2)
  4 dart slugs
  69 orcs
  7 endoplasms
  11 goblins
  8 hobgoblins
  2 jackals (D:1)
  8 kobolds
  4 quokkas
  9 ball pythons
  2 bats
  2 frilled lizards
  A goblin skeleton (D:12)
  3 goblin zombies (D:12)
  A hobgoblin skeleton (D:12)
  14 orc zombies (D:12)
  5 rats
831 creatures vanquished.

Vanquished Creatures (others)
  A mana viper (Snake:2)
  2 humans (Snake:3)
  An ogre (Orc:2)
  3 orcs
  58 fungi
  75 plants
140 creatures vanquished.

Grand Total: 971 creatures vanquished

Notes
Turn   | Place    | Note
-------+----------+-------------------------------------------
     0 | D:1      | karkarkar the Gnoll Warper began the quest for the Orb.
     0 | D:1      | Reached XP level 1. HP: 20/20 MP: 6/6
   165 | D:1      | Reached XP level 2. HP: 13/26 MP: 7/7
  1171 | D:2      | Reached XP level 3. HP: 31/31 MP: 9/9
  1172 | D:2      | Reached skill level 5 in Spellcasting
  1182 | D:2      | Learned a level 2 spell: Blink
  1329 | D:2      | Reached skill level 1 in Invocations
  1637 | D:2      | Reached skill level 1 in Short Blades
  1637 | D:2      | Reached skill level 1 in Long Blades
  1637 | D:2      | Reached skill level 1 in Maces & Flails
  1637 | D:2      | Reached skill level 1 in Polearms
  1637 | D:2      | Reached skill level 1 in Staves
  1637 | D:2      | Reached skill level 1 in Slings
  1637 | D:2      | Reached skill level 1 in Bows
  1637 | D:2      | Reached skill level 1 in Crossbows
  1637 | D:2      | Reached skill level 1 in Stealth
  1637 | D:2      | Reached skill level 1 in Shields
  1637 | D:2      | Reached skill level 1 in Unarmed Combat
  1637 | D:2      | Reached skill level 1 in Evocations
  2037 | D:2      | Reached XP level 4. HP: 38/38 MP: 11/11
  2231 | D:2      | Found a faded altar of an unknown god.
  2239 | D:2      | Became a worshipper of Warmaster Okawaru
  2239 | D:2      | Reached * piety under Okawaru
  2621 | D:2      | hp_warning 75
  2776 | D:3      | Reached skill level 1 in Conjurations
  2776 | D:3      | Reached skill level 1 in Hexes
  2776 | D:3      | Reached skill level 1 in Summonings
  2776 | D:3      | Reached skill level 1 in Necromancy
  2776 | D:3      | Reached skill level 1 in Transmutations
  2776 | D:3      | Reached skill level 1 in Fire Magic
  2776 | D:3      | Reached skill level 1 in Ice Magic
  2776 | D:3      | Reached skill level 1 in Air Magic
  2776 | D:3      | Reached skill level 1 in Earth Magic
  2776 | D:3      | Reached skill level 1 in Poison Magic
  3263 | D:4      | Noticed Edmund
  3313 | D:4      | Noticed a phantom
  3580 | D:3      | Killed a phantom
  3581 | D:3      | Reached XP level 5. HP: 26/43 MP: 10/12
  3798 | D:4      | Identified the +6 short sword of Understanding {vorpal,
                  | rPois Int+3}
  3838 | D:4      | Reached XP level 6. HP: 50/50 MP: 10/13
  3925 | D:4      | Reached skill level 5 in Fighting
  3925 | D:4      | Reached skill level 5 in Axes
  3925 | D:4      | Reached skill level 5 in Dodging
  4234 | D:4      | Learned a level 3 spell: Teleport Other
  4324 | D:4      | Reached XP level 7. HP: 44/56 MP: 15/15
  4457 | D:4      | Killed Edmund
  4723 | D:4      | Reached ** piety under Okawaru
  4920 | D:4      | Found a staircase to the Ecumenical Temple.
  5055 | D:5      | Entered Level 5 of the Dungeon
  5142 | D:5      | Reached XP level 8. HP: 61/63 MP: 16/16
  5287 | D:5      | Noticed a wraith
  5292 | D:5      | Killed a wraith
  5363 | D:5      | Noticed Duvessa
  5371 | D:5      | Noticed Dowan
  5377 | D:5      | Found a radiant altar of Vehumet.
  5383 | D:5      | Killed Duvessa
  5420 | D:5      | Killed Dowan
  5705 | D:5      | Noticed Sigmund
  5846 | D:5      | Killed Sigmund
  5913 | D:5      | Noticed unlimited1921's ghost (amateur GnAM)
  5915 | D:5      | Noticed Prince Ribbit
  5919 | D:5      | Found a runed translucent door.
  5921 | D:5      | Killed Prince Ribbit
  5921 | D:5      | Reached *** piety under Okawaru
  5922 | D:5      | Reached XP level 9. HP: 69/69 MP: 16/18
  5990 | D:5      | Found a shimmering blue altar of Sif Muna.
  6376 | D:5      | Killed unlimited1921's ghost
  6376 | D:5      | Received a gift from Okawaru
  6377 | D:5      | Reached skill level 5 in Throwing
  6377 | D:5      | Reached skill level 5 in Armour
  7076 | D:6      | Found a burning altar of Makhleb.
  7076 | D:6      | Found a shadowy altar of Dithmenos.
  7084 | D:6      | Learned a level 3 spell: Inner Flame
  7120 | D:6      | Found a broken altar of Ashenzari.
  7543 | D:7      | Learned a level 2 spell: Searing Ray
  7554 | D:7      | Received a gift from Okawaru
  7568 | D:7      | Reached skill level 5 in Invocations
  7884 | D:7      | Reached XP level 10. HP: 77/77 MP: 20/20
  8292 | D:7      | Found a hazy altar of Hepliaklqana.
  8301 | D:7      | Found a shimmering altar of Xom.
  8303 | D:7      | Noticed a cyclops
  8303 | D:7      | Noticed a spectral ugly thing
  8425 | D:8      | Noticed a lindwurm
  8642 | D:8      | Received a gift from Okawaru
  8643 | D:8      | Reached skill level 5 in Short Blades
  8643 | D:8      | Reached skill level 5 in Long Blades
  8643 | D:8      | Reached skill level 5 in Maces & Flails
  8643 | D:8      | Reached skill level 5 in Polearms
  8643 | D:8      | Reached skill level 5 in Staves
  8643 | D:8      | Reached skill level 5 in Slings
  8643 | D:8      | Reached skill level 5 in Bows
  8643 | D:8      | Reached skill level 5 in Crossbows
  8643 | D:8      | Reached skill level 5 in Stealth
  8643 | D:8      | Reached skill level 5 in Shields
  8643 | D:8      | Reached skill level 5 in Unarmed Combat
  8643 | D:8      | Reached skill level 5 in Evocations
  8667 | D:8      | Noticed a two-headed ogre
  8702 | D:8      | Killed a two-headed ogre
  8702 | D:8      | Reached **** piety under Okawaru
  8911 | D:8      | Found a sacrificial altar of Ru.
  9038 | D:8      | Noticed a lindwurm
  9039 | D:8      | Noticed a lindwurm
  9054 | D:8      | Killed a lindwurm
  9054 | D:8      | Noticed a lindwurm
  9513 | D:9      | Found a staircase to the Lair.
  9520 | D:9      | Found an iron altar of Okawaru.
  9766 | D:9      | Received a gift from Okawaru
 10159 | D:9      | Noticed Erica
 10165 | D:9      | Found a glowing silver altar of Zin.
 10166 | D:9      | Killed Erica
 10166 | D:9      | Received a gift from Okawaru
 10167 | D:9      | Reached XP level 11. HP: 84/84 MP: 22/22
 10257 | D:9      | Noticed Joseph
 10284 | D:9      | Killed Joseph
 10742 | D:10     | Entered Level 10 of the Dungeon
 10750 | D:10     | Reached skill level 5 in Conjurations
 10750 | D:10     | Reached skill level 5 in Hexes
 10750 | D:10     | Reached skill level 5 in Summonings
 10750 | D:10     | Reached skill level 5 in Necromancy
 10750 | D:10     | Reached skill level 5 in Transmutations
 10750 | D:10     | Reached skill level 5 in Fire Magic
 10750 | D:10     | Reached skill level 5 in Ice Magic
 10750 | D:10     | Reached skill level 5 in Air Magic
 10750 | D:10     | Reached skill level 5 in Earth Magic
 10750 | D:10     | Reached skill level 5 in Poison Magic
 11129 | D:10     | Noticed a two-headed ogre
 11152 | D:10     | Killed a two-headed ogre
 11168 | D:10     | Noticed a cyclops
 11172 | D:10     | Killed a cyclops
 11172 | D:10     | Reached ***** piety under Okawaru
 11870 | D:10     | Identified the +5 quarterstaff of Grace {vorpal, rN++
                  | rCorr}
 12488 | D:11     | Noticed a manticore
 12666 | D:11     | Noticed a white ugly thing
 12698 | D:11     | Noticed a swamp dragon
 12698 | D:11     | a komodo dragon changed into a swamp dragon
 12699 | D:11     | a swamp dragon changed into a swamp worm
 12700 | D:11     | Noticed a swamp dragon
 12700 | D:11     | a swamp worm changed into a swamp dragon
 12708 | D:11     | a swamp dragon changed into a tarantella
 12747 | D:11     | Noticed Urug
 12749 | D:11     | Noticed Gastronok
 12769 | D:11     | Killed Urug
 12899 | D:11     | Killed Gastronok
 12899 | D:11     | Received a gift from Okawaru
 12900 | D:11     | Reached XP level 12. HP: 86/94 MP: 19/24
 13222 | D:11     | Identified the +1 plate armour of Doneus {rN+} (Okawaru
                  | gifted it to you on level 11 of the Dungeon)
 13222 | D:11     | Received a gift from Okawaru
 13347 | D:11     | Noticed a centaur warrior
 13497 | D:11     | Noticed a two-headed ogre
 13511 | D:11     | Noticed Maurice
 13529 | D:11     | Killed Maurice
 13581 | D:11     | Killed a two-headed ogre
 13974 | D:11     | Got the Guide on Creative Moulding
 14086 | D:11     | Noticed an ettin
 14086 | D:11     | a tyrant leech changed into an ettin
 14090 | D:11     | an ettin changed into a slime creature
 14502 | D:11     | Killed a centaur warrior
 14917 | Lair:1   | Entered Level 1 of the Lair of Beasts
 14926 | Lair:1   | Noticed a five-headed hydra
 14936 | Lair:1   | Killed a one-headed hydra
 16013 | Lair:1   | Identified the +1 plate armour of the Wilderness {Harm Fly
                  | Int-2}
 16311 | Lair:1   | You fall into a shaft and drop 1 floor!
 17113 | Lair:1   | Received a gift from Okawaru
 17767 | Lair:2   | Reached XP level 13. HP: 31/101 MP: 26/26
 18870 | Lair:2   | Found a staircase to the Snake Pit.
 18885 | Lair:2   | Learned a level 4 spell: Iskenderun's Mystic Blast
 20600 | Lair:2   | Identified the +2 kite shield of Starshine {rC- rN+ Str+2}
 20744 | Lair:3   | Found a staircase to the Shoals.
 21256 | Lair:3   | Found a blossoming altar of Fedhas.
 21353 | Lair:3   | Noticed Nergalle
 21427 | Lair:3   | Noticed Sonja
 21556 | Lair:3   | Received a gift from Okawaru
 21705 | Lair:3   | Killed Sonja
 21851 | Lair:3   | Killed Nergalle
 21929 | Lair:3   | Received a gift from Okawaru
 22198 | Lair:3   | Learned a level 4 spell: Cause Fear
 22738 | Lair:3   | Received a gift from Okawaru
 23332 | Lair:4   | Reached skill level 10 in Spellcasting
 23854 | Lair:4   | Received a gift from Okawaru
 24356 | Lair:4   | Received a gift from Okawaru
 24811 | Lair:4   | Reached XP level 14. HP: 103/109 MP: 23/28
 25116 | Lair:5   | Received a gift from Okawaru
 25220 | Lair:5   | Upgraded the game from 0.27.1-4-g1640c2035a to
                  | 0.27.1-33-g824d729ab1
 25226 | Lair:5   | Learned a level 5 spell: Manifold Assault
 25234 | Lair:5   | Found a basalt altar of Yredelemnul.
 25263 | Lair:5   | Reached skill level 10 in Fighting
 25263 | Lair:5   | Reached skill level 10 in Axes
 25263 | Lair:5   | Reached skill level 10 in Dodging
 25903 | Lair:5   | Received a gift from Okawaru
 27186 | Lair:6   | Entered Level 6 of the Lair of Beasts
 27351 | Lair:6   | Received a gift from Okawaru
 27694 | Lair:6   | Reached skill level 10 in Invocations
 28765 | Lair:4   | Received a gift from Okawaru
 29479 | Lair:5   | Identified the +1 ring mail "Beog" {Harm} (Okawaru gifted
                  | it to you on level 5 of the Lair of Beasts)
 29479 | Lair:5   | Received a gift from Okawaru
 31197 | Lair:6   | Identified a scroll of acquirement
 31199 | Lair:6   | Acquired 783 gold pieces
 33340 | Lair:6   | Reached skill level 10 in Throwing
 33340 | Lair:6   | Reached skill level 10 in Armour
 34026 | Lair:6   | Found a staircase to the Slime Pits.
 34258 | Lair:6   | Reached XP level 15. HP: 117/117 MP: 29/29
 35172 | D:8      | Identified the ring of Ynoxesor {rF+ rN+ Str-3 Dex+6
                  | Stlth+}
 35824 | D:12     | Reached skill level 10 in Translocations
 36022 | D:12     | Found a staircase to the Orcish Mines.
 36148 | D:12     | Received a gift from Okawaru
 36320 | D:12     | Reached skill level 10 in Short Blades
 36320 | D:12     | Reached skill level 10 in Long Blades
 36320 | D:12     | Reached skill level 10 in Maces & Flails
 36320 | D:12     | Reached skill level 10 in Polearms
 36320 | D:12     | Reached skill level 10 in Staves
 36320 | D:12     | Reached skill level 10 in Slings
 36320 | D:12     | Reached skill level 10 in Bows
 36320 | D:12     | Reached skill level 10 in Crossbows
 36320 | D:12     | Reached skill level 10 in Stealth
 36320 | D:12     | Reached skill level 10 in Shields
 36320 | D:12     | Reached skill level 10 in Unarmed Combat
 36320 | D:12     | Reached skill level 10 in Evocations
 37160 | Orc:1    | Entered Level 1 of the Orcish Mines
 37354 | Orc:2    | Entered Level 2 of the Orcish Mines
 37419 | Orc:2    | Found a staircase to the Elven Halls.
 37548 | Orc:2    | Received a gift from Okawaru
 38864 | Orc:2    | Found Onimaas's Antique Weapon Emporium.
 38864 | Orc:2    | Found Zihot's Weapon Boutique.
 39353 | Orc:2    | Received a gift from Okawaru
 39512 | Orc:2    | Found Faerugir's Antique Weapon Emporium.
 39512 | Orc:2    | Found Buteaw's Armour Boutique.
 39532 | Orc:2    | Bought a pitted broad axe for 243 gold pieces
 39532 | Orc:2    | Identified the +5 broad axe of Putrescence {vorpal, rN++
                  | Int-2} (You bought it in a shop on level 2 of the Orcish
                  | Mines)
 39598 | Orc:2    | Gained mutation: You are clumsy. (Dex -2) [a neqoxec]
 40156 | Orc:2    | Found a runed translucent door.
 40215 | Orc:2    | Received a gift from Okawaru
 40235 | Orc:2    | Paralysed by an orc sorcerer for 6 turns
 40727 | Orc:2    | Bought an ivory quarterstaff for 297 gold pieces
 40727 | Orc:2    | Identified the +7 quarterstaff of Hekod {spect, Str+3
                  | Stlth+} (You bought it in a shop on level 2 of the Orcish
                  | Mines)
 40949 | D:13     | Found Guluad's Magic Scroll Shoppe.
 41084 | D:13     | Bought a scroll of blinking for 105 gold pieces
 41084 | D:13     | Bought a scroll of acquirement for 728 gold pieces
 41084 | D:13     | Bought a scroll of identify for 28 gold pieces
 41084 | D:13     | Bought a scroll of identify for 28 gold pieces
 41084 | D:13     | Acquired a +2 demon blade of draining
 41212 | D:13     | Received a gift from Okawaru
 41898 | D:13     | Bought a scroll of identify for 28 gold pieces
 41974 | D:14     | Reached XP level 16. HP: 125/125 MP: 31/31
 42016 | D:14     | Received a gift from Okawaru
 42691 | D:14     | Found a gate to the Vaults.
 43104 | D:13     | Upgraded the game from 0.27.1-33-g824d729ab1 to
                  | 0.27.1-34-g3ba077fa99
 43222 | D:14     | Received a gift from Okawaru
 44069 | D:15     | Entered Level 15 of the Dungeon
 44325 | D:15     | Received a gift from Okawaru
 44429 | D:15     | Found the ring of Shadows {Umbra +Inv Stlth+}
 44753 | D:15     | Got Kuisten's Tome of the Creative Snowflakes
 44757 | D:15     | Got the Catalogue of Clay
 45236 | D:15     | Found a hazy altar of Hepliaklqana.
 45329 | D:15     | Found a staircase to the Depths.
 45331 | D:15     | Received a gift from Okawaru
 45865 | D:15     | Noticed Louise
 45878 | D:14     | Learned a level 2 spell: Ensorcelled Hibernation
 45958 | D:14     | Received a gift from Okawaru
 46015 | D:15     | Killed Louise
 46469 | Snake:1  | Entered Level 1 of the Snake Pit
 46502 | Snake:1  | Received a gift from Okawaru
 46882 | Snake:1  | Found a hazy altar of Hepliaklqana.
 47285 | Snake:1  | Found Ncaenkozxi's Needful Niceties.
 48192 | Snake:1  | Reached XP level 17. HP: 132/133 MP: 33/33
 48637 | Snake:2  | Received a gift from Okawaru
 49053 | Snake:2  | Received a gift from Okawaru
 49393 | Snake:2  | Noticed Aizul
 49434 | Snake:2  | Killed Aizul
 49495 | Snake:2  | Received a gift from Okawaru
 49515 | Snake:2  | Reached ****** piety under Okawaru
 50162 | Snake:2  | Noticed Vashnia
 50516 | Snake:2  | Killed Vashnia
 50928 | Snake:3  | Received a gift from Okawaru
 51122 | Snake:3  | Noticed Kirke
 51128 | Snake:3  | Noticed a sphinx
 51333 | Snake:1  | Lost mutation: You are clumsy. (Dex -2) [potion of
                  | mutation]
 51333 | Snake:1  | Gained mutation: You possess an exceptional clarity of
                  | mind. [potion of mutation]
 51333 | Snake:1  | Gained mutation: You have a pair of small antennae on your
                  | head. [potion of mutation]
 51333 | Snake:1  | Gained mutation: You are frail. (-10% HP) [potion of
                  | mutation]
 51333 | Snake:1  | Gained mutation: Your mind is acute. (Int +2) [potion of
                  | mutation]
 51361 | Snake:2  | Killed Kirke
 51362 | Snake:2  | Reached skill level 10 in Conjurations
 51362 | Snake:2  | Reached skill level 10 in Hexes
 51362 | Snake:2  | Reached skill level 10 in Summonings
 51362 | Snake:2  | Reached skill level 10 in Necromancy
 51362 | Snake:2  | Reached skill level 10 in Transmutations
 51362 | Snake:2  | Reached skill level 10 in Fire Magic
 51362 | Snake:2  | Reached skill level 10 in Ice Magic
 51362 | Snake:2  | Reached skill level 10 in Air Magic
 51362 | Snake:2  | Reached skill level 10 in Earth Magic
 51362 | Snake:2  | Reached skill level 10 in Poison Magic
 51939 | Snake:3  | Noticed Bai Suzhen
 52196 | Snake:3  | Noticed Donald
 52387 | Snake:3  | Killed Donald
 52824 | Snake:3  | Reached XP level 18. HP: 127/127 MP: 34/34
 52836 | Snake:3  | Found Bunnes's Antique Weapon Shoppe.
 52858 | Snake:3  | Slain by a nagaraja

Illustrated notes

#.#### #.# #....#
##########[#
####.##
#.......##.#
#...###.#####.##.#
#....).....##.##.#
#...###.##.......#
##### #.#####.####
#.#####.#
#......@#
#########


Turn 2621 on D:2: hp_warning 75

Levels and vault maps discovered:
D:1:      wander_arrival_desolate, layout_basic, serial_glass, glass_columns_a,
          glass_columns_a
D:2:      layout_loops_cross, hellmonk_ecumenical_altar_run_dry,
          minmay_goblin_outpost
D:3:      layout_basic, minmay_misc_feat_secret_circle
D:4:      layout_rooms, minmay_temple_entry_proselytizer, uniq_edmund
D:5:      layout_loops_ring, nicolae_vehumet_radiance,
          nicolae_sif_muna_little_library, hellmonk_ghost_happy_afterlife,
          uniq_duvessa, uniq_sigmund, uniq_prince_ribbit1
D:6:      layout_loops_corners, grunt_temple_overflow_open
D:7:      layout_loops_ring, regret_index_temple_of_mockery
D:8:      layout_rooms, nicolae_ru_sacrificial_ziggurat, minmay_lindwurm_lava
D:9:      layout_loops_cross, lemuel_crystal_altar, kennysheep_okawaru_gauntlet,
          lair_entry_dummy, uniq_joseph, uniq_erica
D:10:     layout_basic, nicolae_twisting_strands
D:11:     layout_stronghold, chequers_serial_rivers_micro_b,
          minmay_diamond_spiral, uniq_maurice, uniq_gastronok, uniq_urug
D:12:     layout_long_grid, zombieorc1_lemuel, st_stairs_2
D:13:     layout_irregular_city, serial_shops, nicolae_inconvenience_store
D:14:     layout_basic, lightli_vaults_fourway_checkpoint, eino_tiny_chamber
D:15:     grunt_enter_depths_hoard, layout_stronghold, basic_altar,
          minivault_15, chequers_serial_rivers_small_a, uniq_louise
Lair:1:   layout_regular_city, st_stairs_11, grunt_megastairs_5
Lair:2:   layout_misc_corridors, minmay_snake_entry_guardpost_medium,
          enter_volcano_4, gauntlet_entry_generic, infiniplex_staircase_pool_2
Lair:3:   layout_loops_ring, minmay_shoals_entry_centaurs,
          hangedman_tree_tricks, uniq_sonja, uniq_nergalle
Lair:4:   layout_long_grid, grunt_megastairs_4
Lair:5:   layout_regular_city, lemuel_oklob_altar, grunt_megastairs_3
Lair:6:   grunt_lair_end_beastmaster, layout_regular_city,
          minmay_slime_entry_oklob_open, st_stairs_6,
          chequers_serial_rivers_room_a, lemuel_fruit_tree, grunt_megastairs_2,
          minmay_lair_oklob_chamber
Snake:1:  layout_chambers, basic_altar, nicolae_alphabet_shops,
          nicolae_snake_dead_anacondas, grunt_megastairs_1
Snake:2:  layout_misc_corridors, uniq_vashnia, uniq_aizul
Snake:3:  layout_misc_corridors, serial_shops, shop, uniq_donald,
          uniq_bai_suzhen, uniq_kirke
Orc:1:    layout_caves
Orc:2:    st_orc_town, layout_caves, basic_altar, lightli_church_of_beogh

Skill      XL: |  1  2  3  4  5  6  7  8  9 10 11 12 13 14 15 16 17 |
---------------+----------------------------------------------------+-----
Spellcasting   | 5 6 7 8 9 10 11 12 | 12.7
Invocations    | 1 2 3 4 5 6 7 8 9 10 11 12 | 12.8
Short Blades   | 1 2 3 4 5 6 7 8 9 10 11 | 11.9
Long Blades    | 1 2 3 4 5 6 7 8 9 10 11 | 11.9
Maces & Flails | 1 2 3 4 5 6 7 8 9 10 11 | 11.9
Polearms       | 1 2 3 4 5 6 7 8 9 10 11 | 11.9
Staves         | 1 2 3 4 5 6 7 8 9 10 11 | 11.9
Slings         | 1 2 3 4 5 6 7 8 9 10 11 | 11.9
Bows           | 1 2 3 4 5 6 7 8 9 10 11 | 11.9
Crossbows      | 1 2 3 4 5 6 7 8 9 10 11 | 11.9
Stealth        | 1 2 3 4 5 6 7 8 9 10 11 | 11.9
Shields        | 1 2 3 4 5 6 7 8 9 10 11 | 11.9
Unarmed Combat | 1 2 3 4 5 6 7 8 9 10 11 | 11.9
Evocations     | 1 2 3 4 5 6 7 8 9 10 11 | 11.9
Conjurations   | 1 2 3 4 5 6 7 8 9 10 | 10.1
Hexes          | 1 2 3 4 5 6 7 8 9 10 | 10.1
Summonings     | 1 2 3 4 5 6 7 8 9 10 | 10.1
Necromancy     | 1 2 3 4 5 6 7 8 9 10 | 10.1
Transmutations | 1 2 3 4 5 6 7 8 9 10 | 10.1
Fire Magic     | 1 2 3 4 5 6 7 8 9 10 | 10.1
Ice Magic      | 1 2 3 4 5 6 7 8 9 10 | 10.1
Air Magic      | 1 2 3 4 5 6 7 8 9 10 | 10.1
Earth Magic    | 1 2 3 4 5 6 7 8 9 10 | 10.1
Poison Magic   | 1 2 3 4 5 6 7 8 9 10 | 10.1
Throwing       | 3 4 5 6 7 8 9 10 11 12 | 12.1
Armour         | 3 4 5 6 7 8 9 10 11 12 | 12.1
Fighting       | 5 6 7 8 9 10 11 12 | 12.6
Axes           | 5 6 7 8 9 10 11 12 | 12.6
Dodging        | 5 6 7 8 9 10 11 12 | 12.6
Translocations | 6 7 8 9 10 11 | 11.4

Action                   |  1- 3 |  4- 6 |  7- 9 | 10-12 | 13-15 | 16-18 || total
-------------------------+-------+-------+-------+-------+-------+-------++-------
Melee: Hand axe          |   148 |   131 |       |     7 |    37 |       ||   323
       Bite              |     8 |    18 |    15 |    47 |   259 |   170 ||   517
       Punch             |       |     1 |     6 |    26 |    36 |       ||    69
       Short sword       |       |    52 |   177 |   474 |  1754 |   379 ||  2836
       Demon blade       |       |       |       |       |    48 |   770 ||   818
       Broad axe         |       |       |       |       |    14 |       ||    14
Throw: Boomerang         |     2 |       |    10 |    99 |   155 |    90 ||   356
       Dart              |       |     8 |    43 |    26 |   223 |    55 ||   355
       Javelin           |       |       |       |     6 |    95 |    75 ||   176
 Cast: Teleport Other    |       |       |     2 |       |     4 |       ||     6
       Inner Flame       |       |       |     2 |     6 |     2 |     4 ||    14
       Searing Ray       |       |       |       |     5 |     4 |     1 ||    10
       Blink             |       |       |       |     2 |       |       ||     2
       Iskenderun's Myst |       |       |       |       |    22 |    29 ||    51
       Cause Fear        |       |       |       |       |     7 |     6 ||    13
       Manifold Assault  |       |       |       |       |    13 |     4 ||    17
       Ensorcelled Hiber |       |       |       |       |       |    65 ||    65
Invok: Heroism           |       |     6 |    20 |    53 |    59 |    25 ||   163
       Finesse           |       |       |       |     1 |       |       ||     1
Evoke: Wand              |       |       |     1 |    12 |    10 |    19 ||    42
  Use: Scroll            |     2 |     3 |     4 |    11 |    24 |     7 ||    51
       Potion            |       |     1 |       |     5 |     5 |    11 ||    22
 Stab: Invisible         |       |     1 |     1 |     4 |    33 |     7 ||    46
       Sleeping          |       |       |     7 |    13 |    31 |    55 ||   106
       Distracted        |       |       |       |     1 |     3 |       ||     4
       Confused          |       |       |       |       |     1 |       ||     1
Armor: Leather armour    |    10 |    12 |    39 |   101 |   221 |       ||   383
       Ring mail         |    42 |    37 |       |       |       |       ||    79
       Acid dragon scale |       |       |       |       |    92 |   210 ||   302
Dodge: Dodged            |    83 |   108 |    96 |   314 |   993 |   581 ||  2175
Block: Kite shield       |       |       |       |       |   568 |   711 ||  1279
       Rpst.: Demon blade |       |       |       |       |     4 |    81 ||    85
